[Event "Titled Tuesday Blitz September 21 2021"]
[White "Piesik, Piotr"]
[Black "Vivas Zamora, Fabian Ernesto"]
[WhiteFideId "1136194"]
[BlackFideId "3902480"]
[WhiteElo "2365"]
[BlackElo "1966"]
[Result "0-1"]
[Round "05"]
[TimeControl "180+1"]
[Date "2021.09.21"]
[WhiteClock "0:01:35"]
[BlackClock "0:00:23"]

1. Nf3 Nf6 2. g3 g6 3. Bg2 Bg7 4. O-O O-O 5. d4 d5 6. c4 dxc4 7. Na3 c3 8. bxc3 c5 9. Qb3 Nc6 10. Rd1 cxd4 11. cxd4 Qd5 12. e3 Rd8 13. Bd2 Qxb3 14. axb3 Be6 15. Nc4 Bd5 16. Rdc1 Rac8 17. Ne1 Bxg2 18. Nxg2 Ne4 19. Be1 e5 20. Nxe5 Nxe5 21. dxe5 Rxc1 22. Rxc1 Bxe5 23. f3 Ng5 24. f4 Nf3+ 25. Kf2 Nxe1 26. Kxe1 Bd6 27. Ke2 Bb4 28. Rc2 a5 29. e4 b5 30. e5 a4 31. bxa4 bxa4 32. Ne3 a3 33. Rc4 a2 34. Rc1 Rd2+ 35. Kf3 Rb2 36. Rc8+ Kg7 37. Ra8 Bc5 38. Nd5 Rb3+ 39. Ke4 Ra3 0-1


[Site "https://www.chess.com"]

[Event "Titled Tuesday Blitz September 21 2021"]
[White "Plotkin, Victor"]
[Black "Maly, Alexey"]
[WhiteFideId "2606674"]
[BlackFideId "14103184"]
[WhiteElo "2310"]
[BlackElo "2250"]
[Result "0-1"]
[Round "05"]
[TimeControl "180+1"]
[Date "2021.09.21"]
[WhiteClock "0:00:06"]
[BlackClock "0:02:08"]

1. e4 c6 2. d4 d5 3. Nc3 dxe4 4. Nxe4 Bf5 5. Ng3 Bg6 6. Nf3 Nd7 7. h4 h6 8. h5 Bh7 9. Bd3 Bxd3 10. Qxd3 e6 11. Bf4 Ngf6 12. O-O-O Be7 13. Ne5 O-O 14. Nxd7 Qxd7 15. Ne4 Nxe4 16. Qxe4 Qd5 17. Qxd5 cxd5 18. c3 Rac8 19. Kd2 b5 20. Kd3 a5 21. Bd2 Rc6 22. g4 Rfc8 23. f4 b4 24. Rc1 bxc3 25. Rxc3 Rxc3+ 26. Bxc3 a4 27. Rc1 Rb8 28. Rb1 Bd6 29. Bd2 g6 30. hxg6 fxg6 31. b4 axb3 32. axb3 Kf7 33. b4 h5 34. gxh5 gxh5 35. b5 Kf6 36. Ke3 Kf5 37. Kf3 h4 38. b6 Rb7 39. Rg1 Rxb6 40. Rg5+ Kf6 41. Kg4 Rb2 42. Be1 h3 43. Kxh3 Bxf4 44. Rg4 Rh2# 0-1


[Site "https://www.chess.com"]

[Event "Titled Tuesday Blitz September 21 2021"]
[White "Popilski, Gil"]
[Black "Timmermans, Mark"]
[WhiteFideId "2809060"]
[BlackFideId "1026399"]
[WhiteElo "2537"]
[BlackElo "2460"]
[Result "0-1"]
[Round "05"]
[TimeControl "180+1"]
[Date "2021.09.21"]
[WhiteClock "0:00:05"]
[BlackClock "0:00:20"]

1. e4 e5 2. Nf3 Nc6 3. Bb5 f5 4. d3 fxe4 5. dxe4 Nf6 6. Qd3 d6 7. c4 Be7 8. Nc3 O-O 9. Nd5 Nxd5 10. cxd5 Nb8 11. O-O a6 12. Bc4 Nd7 13. a4 Qe8 14. Nd2 Bg5 15. a5 Nf6 16. Re1 Qg6 17. Nf1 Bxc1 18. Raxc1 Nh5 19. Ng3 Nf4 20. Qe3 h5 21. Bf1 h4 22. Nf5 Bxf5 23. exf5 Qxf5 24. Rxc7 Rf7 25. Rxf7 Qxf7 26. Bc4 Rc8 27. b3 Rc5 28. g3 hxg3 29. hxg3 Qg6 30. Rd1 Rxa5 31. Qb6 Ra2 32. Qd8+ Kh7 33. Qh4+ Qh5 34. Qxh5+ Nxh5 35. Kg2 Nf6 36. Bd3+ Kh6 37. Bf5 Kg5 38. Be6 Rb2 39. Rd3 e4 40. Re3 a5 41. Kg1 b5 42. f3 exf3 43. Rxf3 a4 44. bxa4 bxa4 45. Rf5+ Kg6 46. Rf4 a3 47. Bf5+ Kf7 48. Ra4 a2 49. Ra7+ Kf8 50. Ra8+ Ke7 51. Ra7+ Kd8 52. Ra8+ Kc7 53. Rc8+ Kb7 0-1


[Site "https://www.chess.com"]

[Event "Titled Tuesday Blitz September 21 2021"]
[White "Putnam, Liam"]
[Black "Dzhaparov, Medet"]
[WhiteFideId "30938279"]
[BlackFideId "13803689"]
[WhiteElo "2035"]
[BlackElo "1702"]
[Result "1-0"]
[Round "05"]
[TimeControl "180+1"]
[Date "2021.09.21"]
[WhiteClock "0:00:15"]
[BlackClock "0:00:01"]

1. b3 Nf6 2. Bb2 g6 3. Nf3 Bg7 4. g3 O-O 5. Bg2 d5 6. O-O c5 7. c4 dxc4 8. bxc4 Nc6 9. d3 Bg4 10. Nbd2 Qd7 11. Rb1 Rad8 12. Ng5 Qc8 13. h3 Bf5 14. g4 Bd7 15. Nde4 Nxe4 16. Nxe4 Bxb2 17. Rxb2 b6 18. Qd2 f6 19. Qh6 Be6 20. Nc3 Ne5 21. f4 Nf7 22. Qh4 f5 23. gxf5 gxf5 24. Qxe7 Rfe8 25. Qf6 Rd6 26. Nb5 Rd7 27. Rf3 a6 28. Rg3+ Kf8 29. Nc3 Rd6 30. Qg7+ Ke7 31. Nd5+ Bxd5 32. Bxd5 Rxd5 33. cxd5 Qd7 34. Rxb6 Qxd5 35. Qf6+ Kd7 36. Rg7 Rf8 37. Rb7+ Qxb7 38. Rxf7+ Rxf7 39. Qxf7+ Kc6 40. Qxb7+ Kxb7 41. Kf2 Kb6 42. Ke3 Kb5 43. Kd2 Kb4 44. e4 fxe4 45. dxe4 c4 46. f5 Kc5 47. Kc3 Kd6 48. Kxc4 1-0


[Site "https://www.chess.com"]

[Event "Titled Tuesday Blitz September 21 2021"]
[White "Rustemov, Alexander"]
[Black "Budrewicz, Krzysztof"]
[WhiteFideId "4119002"]
[BlackFideId "1127950"]
[WhiteElo "2756"]
[BlackElo "2242"]
[Result "1-0"]
[Round "05"]
[TimeControl "180+1"]
[Date "2021.09.21"]
[WhiteClock "0:00:05"]
[BlackClock "0:00:17"]

1. d4 Nf6 2. c4 g6 3. Nf3 Bg7 4. g3 O-O 5. Bg2 d6 6. Nc3 Nc6 7. O-O Bf5 8. Ne1 e5 9. d5 Ne7 10. e4 Bd7 11. Nd3 Ne8 12. Be3 f5 13. Qd2 fxe4 14. Nxe4 Nf5 15. Bg5 Qc8 16. Rae1 h6 17. Be3 Nxe3 18. fxe3 Nf6 19. Nxf6+ Rxf6 20. Rxf6 Bxf6 21. Be4 Kg7 22. Nf2 Qd8 23. Qd3 Qe8 24. Rf1 Qf7 25. h4 Rf8 26. Bg2 Bf5 27. e4 Bd7 28. Bh3 Bxh3 29. Nxh3 Qd7 30. Kg2 Be7 31. Rxf8 Bxf8 32. b3 c6 33. Qf3 cxd5 34. cxd5 Be7 35. h5 Bd8 36. hxg6 Kxg6 37. Nf2 Kg7 38. Qg4+ Qxg4 39. Nxg4 Bg5 40. Kf3 h5 41. Nf2 b5 42. Nd3 Bd2 43. Ke2 Bc3 44. Kf3 Kg6 45. Kg2 Kg5 46. Kf3 Bd2 47. a4 a6 48. Nf2 Bc3 49. Nh3+ Kg6 50. g4 hxg4+ 51. Kxg4 bxa4 52. bxa4 Bd2 53. Ng1 Bc3 54. Nf3 Bb2 55. Nh4+ Kf7 56. Kf5 Ba3 57. Nf3 Bc5 58. Ng5+ Ke7 59. Kg6 Be3 60. Nf3 Bc5 61. Nh4 Kd7 62. Kf7 Bb4 63. Ng6 Bc5 64. Nf8+ Kc7 65. Ke6 Ba3 66. Nh7 Kb6 67. Nf6 Ka5 68. Ne8 Kxa4 69. Nxd6 Kb3 70. Nb7 Kc4 71. d6 Bxd6 72. Nxd6+ Kd4 73. Kf5 a5 74. Nb5+ Kc5 75. Nc3 Kd4 76. Na4 Kc4 77. Kxe5 Kb4 78. Nb2 Kb3 79. Nd3 Kc4 80. Nb2+ Kb3 81. Nd3 Kc3 82. Nc1 Kc2 83. Ne2 a4 84. Kd4 a3 85. Nc3 Kb3 86. e5 1-0


[Site "https://www.chess.com"]

[Event "Titled Tuesday Blitz September 21 2021"]
[White "Sadovsky, Artem"]
[Black "Przybylski, Wojciech"]
[WhiteFideId "4155840"]
[BlackFideId "1117599"]
[WhiteElo "2414"]
[BlackElo "2285"]
[Result "1-0"]
[Round "05"]
[TimeControl "180+1"]
[Date "2021.09.21"]
[WhiteClock "0:00:21"]
[BlackClock "0:00:05"]

1. Nf3 Nf6 2. g3 d5 3. Bg2 Bg4 4. O-O Nbd7 5. d3 e6 6. Nbd2 Be7 7. e4 O-O 8. e5 Ne8 9. d4 c5 10. c3 cxd4 11. cxd4 Rc8 12. h3 Bh5 13. Qb3 Nb6 14. Re1 Qd7 15. Nf1 Bg6 16. Ne3 Nc4 17. Bf1 Nxe3 18. Bxe3 Bc2 19. Qb5 Qxb5 20. Bxb5 Nc7 21. Bd7 Rcd8 22. Rac1 Rxd7 23. Rxc2 Na6 24. Rec1 h6 25. Ne1 Nb4 26. Rc7 Rfd8 27. Rxd7 Rxd7 28. Rc8+ Bd8 29. a3 Nc6 30. Nd3 Rc7 31. Rxc7 Bxc7 32. Nc5 Nd8 33. b4 Kf8 34. f4 Ke8 35. g4 Bb6 36. Kf2 a6 37. f5 Ke7 38. f6+ gxf6 39. exf6+ Ke8 40. Bxh6 Bxc5 41. dxc5 e5 42. h4 Ne6 43. Bg7 Nxg7 44. fxg7 1-0


[Site "https://www.chess.com"]

[Event "Titled Tuesday Blitz September 21 2021"]
[White "Salgado Lopez, Ivan"]
[Black "Murzin, Volodar"]
[WhiteFideId "2257327"]
[BlackFideId "44155573"]
[WhiteElo "2605"]
[BlackElo "2514"]
[Result "1-0"]
[Round "05"]
[TimeControl "180+1"]
[Date "2021.09.21"]
[WhiteClock "0:01:38"]
[BlackClock "0:00:04"]

1. b3 e5 2. Bb2 Nc6 3. c4 Nf6 4. Nf3 d6 5. g3 Be7 6. Bg2 O-O 7. O-O Re8 8. Nc3 Nd4 9. Nxd4 exd4 10. Nb5 c5 11. e3 a6 12. Na3 d3 13. Nb1 d5 14. Nc3 dxc4 15. bxc4 Be6 16. Qa4 Rb8 17. Rab1 Qc7 18. Rfc1 Red8 19. Ba1 Bd7 20. Qd1 Bc6 21. e4 Ng4 22. Qxg4 b6 23. Nd5 1-0


[Site "https://www.chess.com"]

[Event "Titled Tuesday Blitz September 21 2021"]
[White "Salinas Herrera, Pablo"]
[Black "Schrik, Rachid"]
[WhiteFideId "3407128"]
[BlackFideId "1009818"]
[WhiteElo "2541"]
[BlackElo "2070"]
[Result "1-0"]
[Round "05"]
[TimeControl "180+1"]
[Date "2021.09.21"]
[WhiteClock "0:00:23"]
[BlackClock "0:00:01"]

1. e4 c5 2. Nf3 Nc6 3. Bb5 Nf6 4. Bxc6 dxc6 5. d3 Bg4 6. Nbd2 Nd7 7. h3 Bh5 8. Qe2 e5 9. g4 Bg6 10. Nc4 Qc7 11. Bd2 Be7 12. O-O-O a5 13. Ne3 a4 14. Nf5 a3 15. b3 Bf8 16. Kb1 f6 17. h4 Bf7 18. g5 Bh5 19. Qe3 O-O-O 20. Bc1 Qa5 21. Rdg1 c4 22. Nd2 cxb3 23. axb3 a2+ 24. Ka1 Bc5 25. Nc4 Qa7 26. Qh3 Bxf2 27. Rf1 Bc5 28. Bb2 fxg5 29. Nxg7 Bg6 30. h5 Be8 31. Nxe5 Kb8 32. Nxe8 Rhxe8 33. Nxd7+ Rxd7 34. Qxd7 Rc8 35. Rf7 1-0


[Site "https://www.chess.com"]

[Event "Titled Tuesday Blitz September 21 2021"]
[White "Sargsyan, Anna M."]
[Black "Warmerdam, Max"]
[WhiteFideId "13308130"]
[BlackFideId "1048104"]
[WhiteElo "2263"]
[BlackElo "2537"]
[Result "1-0"]
[Round "05"]
[TimeControl "180+1"]
[Date "2021.09.21"]
[WhiteClock "0:00:13"]
[BlackClock "0:00:19"]

1. d4 d5 2. c4 e6 3. Nc3 a6 4. cxd5 exd5 5. Qb3 Bd6 6. Qxd5 Nf6 7. Qb3 c5 8. dxc5 Bxc5 9. Bf4 Nc6 10. e3 Be6 11. Qxb7 Nb4 12. Rd1 Nc2+ 13. Ke2 Bc4+ 14. Kf3 Qxd1+ 15. Nxd1 Bd5+ 16. Qxd5 Nxd5 17. a3 Nxf4 18. Kxf4 O-O 19. Nf3 Rfd8 20. Nc3 a5 21. Bc4 Rab8 22. Rc1 Rxb2 23. Na4 Bd6+ 24. Kg4 Rdb8 25. Nxb2 Rxb2 26. Ng5 Nxe3+ 27. fxe3 Rxg2+ 28. Kh4 Rxh2+ 29. Kg4 Rg2+ 30. Kh4 g6 31. Bxf7+ Kg7 32. Bd5 Rd2 33. Ne6+ Kf6 34. e4 h5 35. Rf1+ Ke5 36. Kg5 Rg2+ 37. Kh6 h4 38. Ng5 Be7 39. Nf3+ Kd6 40. Rh1 g5 41. Nd4 Bf8+ 42. Kh5 Ke5 43. Nf5 Bxa3 44. Ra1 Bb4 45. Ne3 Rg3 46. Ng4+ Kd4 47. Kxg5 h3 48. Rd1+ Kc5 49. Kh4 Rc3 50. Ne5 Kb6 51. Nd3 h2 52. Nxb4 axb4 53. Rh1 Rc2 54. Kg3 Kc5 55. Rxh2 Rxh2 56. Kxh2 b3 57. Kg3 Kd4 58. Kf4 b2 59. Ba2 1-0


[Site "https://www.chess.com"]

[Event "Titled Tuesday Blitz September 21 2021"]
[White "Shipov, Sergei"]
[Black "Nesterov, Arseniy"]
[WhiteFideId "4113624"]
[BlackFideId "24198455"]
[WhiteElo "2804"]
[BlackElo "2494"]
[Result "1-0"]
[Round "05"]
[TimeControl "180+1"]
[Date "2021.09.21"]
[WhiteClock "0:00:23"]
[BlackClock "0:00:05"]

1. d4 d5 2. c4 c6 3. Nc3 Nf6 4. Nf3 e6 5. e3 Nbd7 6. Qc2 Bd6 7. Bd2 O-O 8. O-O-O e5 9. cxd5 cxd5 10. Nb5 Bb8 11. dxe5 Nxe5 12. Bc3 Re8 13. Kb1 Bg4 14. Be2 Nc6 15. h3 Bh5 16. Ka1 Bg6 17. Qb3 a6 18. Bxf6 Qxf6 19. Nc3 d4 20. exd4 Ba7 21. Nd5 Qd6 22. Ne3 b5 23. h4 h6 24. h5 Be4 25. Rh4 Qf6 26. Rxe4 Rxe4 27. Qd5 Ree8 28. Rc1 Rac8 29. a3 Nxd4 30. Rxc8 Rxc8 31. Ne5 Ne6 32. N3g4 Qe7 33. Nc6 Qc7 34. Nge5 Bb6 35. Bg4 Re8 36. g3 Ng5 37. f4 Ne6 38. Bf5 Nc5 39. Bg6 Re6 40. Bxf7+ Qxf7 41. Nxf7 Kxf7 42. f5 Kf6 43. fxe6 Nxe6 44. Qe5+ 1-0


[Site "https://www.chess.com"]

[Event "Titled Tuesday Blitz September 21 2021"]
[White "Shkapenko, Pavel"]
[Black "Martin Carmona, Gaston Manuel"]
[WhiteFideId "4151933"]
[BlackFideId "22284567"]
[WhiteElo "2386"]
[BlackElo "2161"]
[Result "1-0"]
[Round "05"]
[TimeControl "180+1"]
[Date "2021.09.21"]
[WhiteClock "0:01:42"]
[BlackClock "0:02:05"]

1. e4 c5 2. c3 e6 3. d4 d5 4. exd5 Qxd5 5. Nf3 Nf6 6. Be2 Nc6 7. O-O cxd4 8. cxd4 Be7 9. Nc3 Qd8 10. Be3 O-O 11. Ne5 Bd7 12. Bf3 Rc8 13. Bg5 Be8 14. Be3 Qa5 15. Nc4 Qb4 16. a3 Qxc4 17. Be2 Na5 18. Bxc4 Nxc4 19. Qb3 b6 20. Rac1 Nd5 21. Nb5 Bxb5 22. Qxb5 Ndxe3 23. fxe3 Nxe3 24. Rxc8 Rxc8 25. Qd7 1-0


[Site "https://www.chess.com"]

[Event "Titled Tuesday Blitz September 21 2021"]
[White "Siva Mahadevan"]
[Black "Harshavardhan G B"]
[WhiteFideId "25043153"]
[BlackFideId "25059009"]
[WhiteElo "2203"]
[BlackElo "1825"]
[Result "1-0"]
[Round "05"]
[TimeControl "180+1"]
[Date "2021.09.21"]
[WhiteClock "0:00:30"]
[BlackClock "0:00:13"]

1. e4 c6 2. d4 d5 3. e5 Bf5 4. h4 h5 5. c4 e6 6. Nc3 Nd7 7. Nge2 Ne7 8. Ng3 Bg6 9. Bg5 f6 10. exf6 gxf6 11. Be3 Nf5 12. Nxf5 Bxf5 13. cxd5 exd5 14. Bd3 Bxd3 15. Qxd3 Qe7 16. O-O-O Qh7 17. Qe2 O-O-O 18. g3 Nb6 19. Rhe1 Bd6 20. Qc2 Nc4 21. Qxh7 Rxh7 22. Kc2 Kd7 23. Bc1 Nb6 24. b3 Bb4 25. Re2 Bxc3 26. Kxc3 Re7 27. Rxe7+ Kxe7 28. Re1+ Kf7 29. Bf4 Nc8 30. a4 Ne7 31. b4 Ng6 32. Be3 Re8 33. b5 cxb5 34. axb5 Rc8+ 35. Kd3 b6 36. Ra1 Rc7 37. f3 f5 38. Bf2 Ne7 39. Rg1 Rc4 40. Ra1 Nc8 41. Be1 Rc7 42. Bd2 Ke6 43. Bf4 Rc4 44. Re1+ Kf7 45. Re5 Ne7 46. Bg5 Rc7 47. Bxe7 Rxe7 48. Rxf5+ Kg6 49. Rxd5 Re1 50. Rd6+ Kg7 51. Rd7+ Kh6 52. Rxa7 Rg1 53. Rb7 Rxg3 54. Rxb6+ Kg7 55. Rb7+ Kg6 56. Ke4 Rh3 57. b6 Rxh4+ 58. f4 Rh1 59. Rc7 Rb1 60. b7 Rb3 61. d5 Kf6 62. d6 Ke6 63. d7 Ke7 64. d8=Q+ Kxd8 65. Rc8+ 1-0


[Site "https://www.chess.com"]

[Event "Titled Tuesday Blitz September 21 2021"]
[White "Sjugirov, Sanan"]
[Black "Savchenko, Boris"]
[WhiteFideId "4189302"]
[BlackFideId "4147332"]
[WhiteElo "2654"]
[BlackElo "2543"]
[Result "1-0"]
[Round "05"]
[TimeControl "180+1"]
[Date "2021.09.21"]
[WhiteClock "0:00:17"]
[BlackClock "0:00:12"]

1. e4 c5 2. Nf3 d6 3. d4 cxd4 4. Nxd4 Nf6 5. Nc3 a6 6. Be3 Ng4 7. Bc1 Nf6 8. Be2 g6 9. Be3 Bg7 10. Qd2 Nc6 11. O-O-O O-O 12. h4 h5 13. f3 Nxd4 14. Bxd4 b5 15. g4 hxg4 16. h5 Nxh5 17. Bxg7 Nxg7 18. Qh6 f5 19. Qxg6 Qe8 20. Qh7+ Kf7 21. fxg4 Bd7 22. gxf5 Rh8 23. Qg6+ Kg8 24. Rxh8+ Kxh8 25. Rh1+ Kg8 26. Qh7+ Kf8 27. Bh5 Nxh5 28. Qh8+ Kf7 29. Qxh5+ Kf6 30. Qh6+ Ke5 31. Rd1 Bc6 32. Qe6+ Kf4 33. Ne2+ Ke3 34. Qh6+ Kxe2 35. Qf4 1-0


[Site "https://www.chess.com"]

[Event "Titled Tuesday Blitz September 21 2021"]
[White "Solon, Nathan"]
[Black "Guliev, Logman"]
[WhiteFideId "2017229"]
[BlackFideId "13400061"]
[WhiteElo "2700"]
[BlackElo "2128"]
[Result "0-1"]
[Round "05"]
[TimeControl "180+1"]
[Date "2021.09.21"]
[WhiteClock "0:00:36"]
[BlackClock "0:00:43"]

1. d4 Nf6 2. Nf3 g6 3. Nc3 Bg7 4. e4 d6 5. Be3 O-O 6. Qd2 Ng4 7. Bg5 h6 8. Bh4 Nd7 9. h3 Ngf6 10. e5 Nh7 11. O-O-O Nb6 12. Bd3 dxe5 13. dxe5 Be6 14. Qe2 Nd5 15. Nxd5 Qxd5 16. b3 Qc5 17. Kb1 a5 18. a4 Rfd8 19. Rhe1 Rd7 20. Bg3 c6 21. Nd2 b5 22. Ne4 Qa3 23. Qe3 Bxb3 24. cxb3 Qxb3+ 25. Kc1 Qa3+ 26. Kd2 Qb2# 0-1


[Site "https://www.chess.com"]

[Event "Titled Tuesday Blitz September 21 2021"]
[White "Sorokin, Aleksey"]
[Black "Baskin, Robert"]
[WhiteFideId "24176460"]
[BlackFideId "24662402"]
[WhiteElo "2476"]
[BlackElo "2521"]
[Result "0-1"]
[Round "05"]
[TimeControl "180+1"]
[Date "2021.09.21"]
[WhiteClock "0:00:22"]
[BlackClock "0:00:04"]

1. d4 Nf6 2. c4 e6 3. Nf3 Bb4+ 4. Nbd2 O-O 5. a3 Be7 6. e4 d6 7. Be2 Nfd7 8. O-O e5 9. d5 a5 10. b3 Nc5 11. Bb2 f5 12. exf5 Bxf5 13. b4 Nd3 14. Bc3 Nf4 15. Re1 Qe8 16. Bf1 Qg6 17. Kh1 Nd7 18. c5 Bd3 19. g3 Bxf1 20. Rxf1 Nxd5 21. Qb3 c6 22. cxd6 Bxd6 23. Bb2 axb4 24. axb4 Rxa1 25. Bxa1 e4 26. Nh4 Qg4 27. Nc4 Qe2 28. Kg1 Bxb4 29. Bd4 Nc5 30. Qb2 Qxc4 31. Bxg7 Bc3 32. Bxc3 Nxc3 33. Re1 Nd3 34. Qd2 Qd4 35. Rf1 Qc5 36. Kg2 Kh8 37. f3 Qd4 38. Qh6 Rg8 39. fxe4 Qxe4+ 40. Kh3 Nd5 41. Rf8 Qg4+ 42. Kg2 Ne3+ 43. Kg1 Qd1+ 0-1


[Site "https://www.chess.com"]

[Event "Titled Tuesday Blitz September 21 2021"]
[White "Stoyanov, Tsvetan"]
[Black "Jodorcovsky Werjivker, Paulo"]
[WhiteFideId "2917173"]
[BlackFideId "3700305"]
[WhiteElo "2191"]
[BlackElo "2142"]
[Result "1-0"]
[Round "05"]
[TimeControl "180+1"]
[Date "2021.09.21"]
[WhiteClock "0:02:26"]
[BlackClock "0:02:05"]

1. e4 e5 2. Nf3 Nc6 3. d4 exd4 4. Nxd4 Qf6 5. Nxc6 Bc5 6. Qf3 dxc6 7. Nc3 Ne7 8. Qxf6 gxf6 9. Bf4 f5 10. Bxc7 fxe4 11. Nxe4 Bd4 12. O-O-O Bg7 13. Nd6+ Kf8 14. Bc4 Be6 15. Bxe6 fxe6 16. Rhe1 Nd5 17. Ba5 b6 18. Bd2 Ke7 19. Nf5+ Kf7 20. Nxg7 Kxg7 21. c4 Nc7 22. Bc3+ Kf7 23. Rd7+ 1-0


[Site "https://www.chess.com"]

[Event "Titled Tuesday Blitz September 21 2021"]
[White "Suarez Uriel, Adrian"]
[Black "Espinosa Veloz, Ermes"]
[WhiteFideId "22230874"]
[BlackFideId "3507424"]
[WhiteElo "2300"]
[BlackElo "2333"]
[Result "0-1"]
[Round "05"]
[TimeControl "180+1"]
[Date "2021.09.21"]
[WhiteClock "0:00:05"]
[BlackClock "0:01:06"]

1. e4 e6 2. d4 d5 3. Nc3 Nf6 4. e5 Nfd7 5. f4 c5 6. Nf3 Nc6 7. Be3 Be7 8. Qd2 a6 9. h4 b5 10. dxc5 Nxc5 11. O-O-O b4 12. Ne2 Ne4 13. Qe1 a5 14. Ned4 Nxd4 15. Nxd4 Bd7 16. h5 a4 17. h6 g6 18. Bd3 a3 19. Bxe4 axb2+ 20. Kxb2 Qa5 21. Bxd5 exd5 22. Ra1 Bc5 23. Nb3 Qa3+ 24. Kb1 Bxe3 25. Qxe3 Bf5 26. Qc1 Qa6 27. Re1 O-O 28. Qb2 Rac8 29. Nd4 Be4 30. a4 Rc4 31. Ra2 b3 32. Qxb3 Rxd4 33. Rb2 Rc4 34. Re2 Rxa4 35. Re1 Ra1# 0-1


[Site "https://www.chess.com"]

[Event "Titled Tuesday Blitz September 21 2021"]
[White "Swapnil, S. Dhopade"]
[Black "Aldokhin, Ivan"]
[WhiteFideId "5019184"]
[BlackFideId "24115720"]
[WhiteElo "2402"]
[BlackElo "2265"]
[Result "0-1"]
[Round "05"]
[TimeControl "180+1"]
[Date "2021.09.21"]
[WhiteClock "0:00:11"]
[BlackClock "0:00:07"]

1. d4 Nf6 2. c4 g6 3. Nc3 Bg7 4. e4 d6 5. f4 O-O 6. Nf3 c5 7. dxc5 Qa5 8. Bd3 Qxc5 9. Qe2 Nc6 10. Be3 Qa5 11. Rc1 Ng4 12. Bd2 Qb6 13. h3 Nf6 14. Be3 Qa5 15. O-O Bd7 16. a3 Rac8 17. Nd5 e6 18. b4 Qd8 19. Nxf6+ Bxf6 20. Rfd1 b6 21. c5 bxc5 22. bxc5 d5 23. e5 Be7 24. Qf2 Qa5 25. Nd4 Nxd4 26. Bxd4 Bc6 27. Bf1 Rb8 28. Rc3 Qa4 29. Rdc1 Qa5 30. g4 Rb7 31. f5 Rfb8 32. f6 Bf8 33. Be3 Rb2 34. Qh4 d4 35. Bxd4 Rb1 36. Be3 Rxc1 37. Rxc1 Qxa3 38. Re1 Qc3 39. Qf2 Rb3 40. Bd4 Qg3+ 41. Qxg3 Rxg3+ 42. Kf2 Ra3 43. Rc1 Ra2+ 44. Ke3 Bh6+ 45. Kd3 Bxc1 46. Kc3 Ra3+ 47. Kb4 Rf3 48. Bb5 Rf4 49. Bxc6 Rxd4+ 50. Kc3 Rf4 51. Bb7 Be3 52. c6 Bd4+ 53. Kd3 Bxe5 54. Ke3 Bc7 55. g5 Rb4 56. h4 Kf8 57. Kd3 Rxh4 58. Kc3 a5 59. Bc8 Rg4 60. Bxe6 fxe6 0-1


[Site "https://www.chess.com"]

[Event "Titled Tuesday Blitz September 21 2021"]
[White "Szpar, Milosz"]
[Black "Zavivaeva, Emilia"]
[WhiteFideId "1184989"]
[BlackFideId "34127531"]
[WhiteElo "2282"]
[BlackElo "1732"]
[Result "1-0"]
[Round "05"]
[TimeControl "180+1"]
[Date "2021.09.21"]
[WhiteClock "0:01:37"]
[BlackClock "0:00:46"]

1. e4 c5 2. Nf3 Nc6 3. d4 cxd4 4. Nxd4 Nf6 5. Nc3 e5 6. Ndb5 d6 7. Bg5 a6 8. Na3 b5 9. Bxf6 gxf6 10. Nd5 Be6 11. c3 Bg7 12. Nc2 O-O 13. Nce3 Rc8 14. Be2 Ne7 15. O-O Nxd5 16. exd5 Bd7 17. Bd3 Qe7 18. Bf5 Kh8 19. Qg4 Rcd8 20. Qh5 Bxf5 21. Nxf5 Qd7 22. Rfe1 Rg8 23. Re3 1-0


[Site "https://www.chess.com"]

[Event "Titled Tuesday Blitz September 21 2021"]
[White "Tarigan, Gilbert Elroy"]
[Black "Vusatiuk, Vladimir"]
[WhiteFideId "7108133"]
[BlackFideId "14118610"]
[WhiteElo "1908"]
[BlackElo "2167"]
[Result "1-0"]
[Round "05"]
[TimeControl "180+1"]
[Date "2021.09.21"]
[WhiteClock "0:00:07"]
[BlackClock "0:00:02"]

1. e4 e6 2. Ke2 d5 3. d3 Nf6 4. Nd2 c5 5. Ngf3 Nc6 6. g3 b6 7. Bg2 dxe4 8. Nxe4 Nxe4 9. dxe4 Ba6+ 10. Ke3 Qc7 11. c3 Rd8 12. Qa4 Qb7 13. Bf1 c4 14. b4 b5 15. Qc2 Nxb4 16. cxb4 Bxb4 17. Bb2 c3 18. Bc1 O-O 19. Kf4 e5+ 20. Kg4 Qc8+ 21. Kh4 Be7+ 22. Bg5 Rd6 23. g4 Bxg5+ 24. Nxg5 1-0


[Site "https://www.chess.com"]

[Event "Titled Tuesday Blitz September 21 2021"]
[White "Tsaruk, Maksim"]
[Black "Zhigalko, Sergei"]
[WhiteFideId "13511173"]
[BlackFideId "13502956"]
[WhiteElo "2195"]
[BlackElo "2662"]
[Result "1-0"]
[Round "05"]
[TimeControl "180+1"]
[Date "2021.09.21"]
[WhiteClock "0:00:02"]
[BlackClock "0:00:01"]

1. e4 c5 2. Nf3 Nc6 3. d4 cxd4 4. Nxd4 Nf6 5. Nc3 e5 6. Ndb5 d6 7. Bg5 a6 8. Na3 b5 9. Nd5 Be7 10. Bxf6 Bxf6 11. c3 Bg5 12. Nc2 Ne7 13. a4 bxa4 14. Rxa4 O-O 15. Bc4 a5 16. O-O Bd7 17. Nxe7+ Qxe7 18. Ra2 Be6 19. Bd5 Rab8 20. Qa1 Bxd5 21. exd5 Qb7 22. Rxa5 Qxb2 23. Nb4 Qxa1 24. Rfxa1 Bd2 25. R5a3 Bxc3 26. Rxc3 Rxb4 27. Rc6 g6 28. Rxd6 Kg7 29. g3 Rd4 30. Rd7 Rd2 31. h4 h5 32. Ra3 e4 33. Ra4 e3 34. fxe3 Re2 35. Re7 Rb8 36. Rf4 Rf8 37. d6 Rd2 38. d7 Kg8 39. e4 Rd8 40. Re8+ Kg7 41. Rxd8 1-0


[Site "https://www.chess.com"]

[Event "Titled Tuesday Blitz September 21 2021"]
[White "Visakh N R"]
[Black "Nakamura, Hikaru"]
[WhiteFideId "25012223"]
[BlackFideId "2016192"]
[WhiteElo "2454"]
[BlackElo "2884"]
[Result "0-1"]
[Round "05"]
[TimeControl "180+1"]
[Date "2021.09.21"]
[WhiteClock "0:00:29"]
[BlackClock "0:00:40"]

1. d4 g6 2. c4 Bg7 3. Nc3 c5 4. d5 Bxc3+ 5. bxc3 f5 6. h4 Nf6 7. Bh6 Qa5 8. Qc2 Rg8 9. e3 d6 10. Bd3 Nbd7 11. Nf3 Nb6 12. Bg5 Ne4 13. O-O Nxg5 14. Nxg5 h6 15. Ne6 Bxe6 16. dxe6 Qa4 17. Qe2 d5 18. h5 dxc4 19. Bc2 Qc6 20. hxg6 Rxg6 21. e4 O-O-O 22. a4 Rdg8 23. g3 Rxe6 24. a5 Nd7 25. Qxc4 Ne5 26. Qe2 f4 27. Ba4 Qc7 28. Rfd1 Rf6 29. Rd5 fxg3 30. f4 Rxf4 31. Qb5 g2 32. Rxc5 Nf3+ 33. Kf2 Nd4+ 34. Ke3 Nxb5 0-1


[Site "https://www.chess.com"]

[Event "Titled Tuesday Blitz September 21 2021"]
[White "Vlassov, Nikolai"]
[Black "Manafov, Vugar"]
[WhiteFideId "4103360"]
[BlackFideId "13410814"]
[WhiteElo "2407"]
[BlackElo "2274"]
[Result "0-1"]
[Round "05"]
[TimeControl "180+1"]
[Date "2021.09.21"]
[WhiteClock "0:00:03"]
[BlackClock "0:00:07"]

1. e4 Nf6 2. e5 Nd5 3. d4 d6 4. c4 Nb6 5. exd6 exd6 6. Nc3 Be7 7. Nf3 O-O 8. h3 Bf6 9. Be2 Be6 10. b3 d5 11. c5 Nc8 12. O-O Nc6 13. Rb1 N8e7 14. b4 Nf5 15. Be3 a6 16. a4 Nxe3 17. fxe3 Re8 18. b5 axb5 19. axb5 Na5 20. Bd3 Qd7 21. Nd2 Bxh3 22. Qh5 g6 23. Qxh3 Qxh3 24. gxh3 Rxe3 25. Nxd5 Bxd4 26. Nxe3 Bxe3+ 27. Kg2 Bxd2 28. Be4 Be3 29. Bd5 Rf8 30. c6 bxc6 31. bxc6 Kg7 32. Rb5 Bb6 33. Rfb1 Rd8 34. Kf3 Rd6 35. Ke4 Nxc6 36. Bxc6 Rxc6 37. h4 h5 38. R5b4 Rf6 39. Kd5 Rf5+ 40. Kc6 Rc5+ 41. Kd7 Rc2 42. Rf1 Rd2+ 43. Ke8 Re2+ 44. Kd7 Re5 45. Rbf4 f5 46. R4f3 Re4 47. Rg3 f4 48. Rg5 Kf6 49. Rc1 Rd4+ 50. Ke8 Rd6 51. Rf1 Be3 52. Rb5 Re6+ 53. Kd7 Re7+ 54. Kc6 Re5 55. Rb7 Kf5 56. Kxc7 Re7+ 57. Kc6 Rxb7 58. Kxb7 Kg4 59. Rg1+ Bxg1 0-1


[Site "https://www.chess.com"]